 Dungeon Crawl Stone Soup version 0.26.1-11-gd32895ea62 (webtiles) character file.

Game seed: 10118460575733488811

256 Almogavar the Slasher (level 5, -2/63 HPs)
             Began as a Demonspawn Berserker on July 16, 2021.
             Was a Believer of Trog.
             Slain by a sky beast (3 damage)
             ... on level 4 of the Dungeon.
             The game lasted 00:04:22 (2663 turns).

Almogavar the Slasher (Demonspawn Berserker)        Turns: 2663, Time: 00:04:23

Health: -2/63      AC:  2    Str: 18    XL:     5   Next: 92%
Magic:  5/5        EV: 12    Int:  9    God:    Trog [**....]
Gold:   201        SH:  8    Dex: 12    Spells: 4/4 levels left

rFire    . . .     SeeInvis .   a - +0 falchion
rCold    . . .     Faith    .   g - +0 buckler
rNeg     . . .     Spirit   .   b - +0 animal skin
rPois    .         Reflect  +   (no helmet)
rElec    .         Harm     .   (no cloak)
rCorr    .         Rampage  .   (no gloves)
Will     .....                  (no boots)
Stlth    ..........             s - amulet of reflection
HPRegen  0.20/turn              (no ring)
MPRegen  0.09/turn              (no ring)

@: berserking, very quick
A: powered by death 1
a: Renounce Religion, Berserk, Trog's Hand


You were on level 4 of the Dungeon.
You worshipped Trog.
Trog was pleased with you.
You visited 1 branch of the dungeon, and saw 4 of its levels.

You collected 201 gold pieces.

Inventory:

Hand Weapons
 a - a +0 falchion (weapon)
 m - a +0 hunting sling
Missiles
 f - 45 stones
 i - 35 sling bullets
 o - 24 bolts
Armour
 b - a +0 animal skin (worn)
 g - a +0 buckler (worn)
 j - a +0 leather armour
Jewellery
 s - an amulet of reflection (around neck)
Scrolls
 k - 2 scrolls of immolation {unknown}
 n - a scroll of identify {unknown}
 t - a scroll of teleportation {unknown}
 u - 2 scrolls of blinking {unknown}
Potions
 c - a potion of invisibility {unknown}
 d - 3 potions of might {unknown}
 e - a potion of brilliance {unknown}
 h - a potion of haste {unknown}
 l - 2 potions of attraction {unknown}
 p - a potion of lignification {unknown}
 q - a potion of berserk rage {unknown}
 r - a potion of cancellation {unknown}
 v - a potion of flight {unknown}
 w - a potion of resistance {unknown}


   Skills:
 + Level 3.9 Fighting
 + Level 4.7 Long Blades
 + Level 1.8 Armour
 + Level 3.0 Dodging
 + Level 0.6 Stealth
 + Level 0.8 Shields


You had 4 spell levels left.
You didn't know any spells.
Your spell library was empty.

Dungeon Overview and Level Annotations

Branches:
Dungeon (4/15)
 Temple: D:4-7

Altars:
Fedhas
Yredelemnul


Innate Abilities, Weirdness & Mutations

You regenerate a little health from kills.


Message History

You hit the sky beast.
The sky beast is moderately wounded.
The sky beast flickers out of sight!
Deactivating autopickup; reactivate with Ctrl-A.
Something hits you. Something shocks you.
You hit something. You block something's attack.
You hit something but do no damage. Something hits you. Something shocks you.
* * * LOW HITPOINT WARNING * * *
You closely miss something. Something hits you but does no damage.
A red film seems to cover your vision as you go berserk!
You feel yourself moving faster!
You feel mighty! Something hits you.
* * * LOW HITPOINT WARNING * * *
Something shocks you.
* * * LOW HITPOINT WARNING * * *
You miss something. Something hits you.
* * * LOW HITPOINT WARNING * * *
Something shocks you.
* * * LOW HITPOINT WARNING * * *
You miss something. Something hits you.
You die...

.. .. .# #.. .#
#.. #(##
#.##...##.
#.#...!...
##..{......
#..@......#
######^........#
#....<..#.....##
#......##.........
###.... ..........
#...####.......#
#..) .......#
..... .#(..#..
..... .....###


There were no monsters in sight!

Vanquished Creatures
  Sigmund (D:3)
  Terence (D:3)
  An adder (D:3)
  A worm (D:2)
  3 dart slugs
  A leopard gecko (D:1)
  A ball python (D:1)
  7 bats
  4 giant cockroaches
  8 hobgoblins
  4 jackals (D:2)
  4 kobolds
  2 quokkas
  4 frilled lizards
  4 goblins
  5 rats
  A spectral orc (D:2)
52 creatures vanquished.

Vanquished Creatures (others)
  11 fungi (D:3)
  3 plants (D:3)
14 creatures vanquished.

Grand Total: 66 creatures vanquished

Notes
Turn   | Place    | Note
-------+----------+-------------------------------------------
     0 | D:1      | Almogavar the Demonspawn Berserker began the quest for the
                  | Orb.
     0 | D:1      | Reached XP level 1. HP: 18/18 MP: 1/1
   252 | D:1      | Reached skill level 3 in Long Blades
   252 | D:1      | Gained mutation: You regenerate a little health from kills.
                  | [demonic ancestry]
   252 | D:1      | Reached XP level 2. HP: 20/24 MP: 2/2
  1152 | D:2      | Reached XP level 3. HP: 28/29 MP: 3/3
  1253 | D:2      | Found a basalt altar of Yredelemnul.
  1260 | D:2      | Reached ** piety under Trog
  1677 | D:3      | Noticed Terence
  1683 | D:3      | Killed Terence
  1684 | D:3      | Reached XP level 4. HP: 36/36 MP: 4/4
  1993 | D:3      | Noticed Sigmund
  2010 | D:3      | Killed Sigmund
  2011 | D:3      | Reached skill level 4 in Long Blades
  2011 | D:3      | Reached XP level 5. HP: 25/42 MP: 5/5
  2363 | D:3      | Found a blossoming altar of Fedhas.
  2650 | D:4      | Noticed a sky beast
  2662 | D:4      | HP: 1/63 [something (5)]
  2663 | D:4      | Slain by a sky beast

Illustrated notes

Levels and vault maps discovered:
D:1:      nicolae_arrival_memento_mori, layout_basic
D:2:      layout_basic, yredelemnul_forgotten_temple_becter
D:3:      layout_loops_ring, fedhas_altar_3, uniq_terence, uniq_sigmund
D:4:      layout_rooms, serial_shops, kennysheep_mini, uniq_pikel

Skill      XL: |  1  2  3  4 |
---------------+-------------+-----
Long Blades    | 3 4 |  4.7
Dodging        | 2 3 |  3.0
Fighting       | |  3.9
Armour         | |  1.8
Stealth        | |  0.6
Shields        | |  0.8

Action                   |  1- 3 |  4- 6 || total
-------------------------+-------+-------++-------
Melee: Falchion          |   121 |    38 ||   159
Invok: Berserk           |     2 |     2 ||     4
       Trog's Hand       |     1 |       ||     1
 Stab: Sleeping          |     1 |       ||     1
Armor: Animal skin       |    35 |     4 ||    39
Dodge: Dodged            |   137 |    10 ||   147
Block: Buckler           |    16 |     6 ||    22
       Rpst.: Falchion   |    50 |     3 ||    53
